[Event "Titled Tuesday Blitz March 07 Early 2023"]
[White "Shubenkova, Veronika"]
[Black "Kislov, Oleg"]
[WhiteFideId "44124040"]
[BlackFideId "13503774"]
[WhiteElo "2027"]
[BlackElo "2186"]
[Result "0-1"]
[Round "06"]
[TimeControl "180+2"]
[Date "2023.03.07"]
[WhiteClock "0:00:30"]
[BlackClock "0:00:05"]

1. e4 c5 2. Nc3 Nc6 3. g3 g6 4. Bg2 Bg7 5. d3 d6 6. f4 e6 7. Nf3 Nge7 8. O-O O-O 9. Be3 Nd4 10. Rb1 Nec6 11. Ne2 Nxf3+ 12. Bxf3 Nd4 13. Nxd4 cxd4 14. Bf2 Bd7 15. Bg2 Qa5 16. a3 Rac8 17. Qe2 Qa4 18. Rfc1 Rc7 19. Be1 Rfc8 20. b3 Qxa3 21. Ra1 Qb2 22. Rab1 Qa3 23. Ra1 Rxc2 24. Qxc2 Rxc2 25. Rxa3 Rxc1 26. Kf2 a6 27. b4 Bb5 28. Bd2 Rc2 29. Ke2 e5 30. Kd1 Rc7 31. Bh3 Bh6 32. fxe5 Bxd2 33. exd6 Rc3 34. d7 Bg5 35. Rxc3 dxc3 36. Kc2 Kf8 37. Kxc3 Ke7 38. e5 Bxd7 39. Bf1 Bb5 40. Bg2 Bc6 41. Bf1 Ke6 42. Kd4 Bd8 43. Bh3+ Ke7 44. Kc3 Bb6 45. d4 Bd7 46. Bg2 Bc8 47. Kc4 Kd7 48. h3 Kc7 49. g4 Bd7 50. d5 Bb5+ 51. Kc3 Kd7 52. Be4 Bg1 53. Bc2 b6 54. Bb3 a5 55. bxa5 bxa5 56. d6 Bc5 57. Bxf7 a4 58. Bg8 h6 59. h4 g5 60. hxg5 hxg5 61. Bh7 Kd8 62. Bf5 Bd7 63. Be4 Bxg4 64. Kc4 Be3 65. Kd5 a3 66. Bb1 Bd1 67. Ba2 g4 68. e6 g3 69. e7+ Kd7 70. Ke5 g2 71. Be6+ Ke8 72. Bd5 Ba4 73. Bxg2 a2 74. Be4 a1=Q+ 75. Ke6 Bd7+ 76. Kd5 Qa5+ 77. Kc4 Qc5+ 78. Kd3 Qd4+ 79. Ke2 Qxe4 80. Kd1 Qd3+ 81. Ke1 Qd2+ 82. Kf1 Bh3# 0-1


[Site "https://www.chess.com"]

[Event "Titled Tuesday Blitz March 07 Early 2023"]
[White "Begunov, Konstantin"]
[Black "Turzo, Attila"]
[WhiteFideId "4118510"]
[BlackFideId "704954"]
[WhiteElo "2079"]
[BlackElo "2533"]
[Result "0-1"]
[Round "06"]
[TimeControl "180+2"]
[Date "2023.03.07"]
[WhiteClock "0:00:03"]
[BlackClock "0:00:02"]

1. d4 Nf6 2. c4 c5 3. Nf3 cxd4 4. Nxd4 Nc6 5. Nc3 g6 6. g3 Bg7 7. Bg2 O-O 8. O-O Qb6 9. Nc2 d6 10. b3 Qd8 11. Bb2 Nd7 12. Qd2 a5 13. Ne3 Nc5 14. Ned5 e6 15. Nf4 Qe7 16. Rfd1 Rd8 17. Nb5 Be5 18. Bxc6 Bxb2 19. Qxb2 bxc6 20. Nd4 Bb7 21. Nd3 Ne4 22. f3 Nf6 23. c5 dxc5 24. Nc2 Ba6 25. Ne3 Bxd3 26. exd3 Nd5 27. Ng4 f6 28. Rac1 h5 29. Nf2 a4 30. Ne4 axb3 31. axb3 Ra5 32. Ra1 Rda8 33. Rxa5 Rxa5 34. Rc1 Rb5 35. Qa3 Nb4 36. Qa8+ Kg7 37. Qc8 Nxd3 38. Ra1 f5 39. Ra8 fxe4 40. Qh8+ Kf7 41. fxe4 e5 42. Qg8+ Kf6 43. Rf8+ Kg5 0-1


[Site "https://www.chess.com"]

[Event "Titled Tuesday Blitz March 07 Early 2023"]
[White "Benaddi, Mouhcine"]
[Black "Sharapov, Evgeny"]
[WhiteFideId "9001050"]
[BlackFideId "14103133"]
[WhiteElo "2036"]
[BlackElo "2367"]
[Result "0-1"]
[Round "06"]
[TimeControl "180+2"]
[Date "2023.03.07"]
[WhiteClock "0:00:02"]
[BlackClock "0:00:32"]

1. Nf3 c5 2. g3 Nc6 3. Bg2 e5 4. c4 g6 5. Nc3 Bg7 6. d3 d6 7. O-O Nge7 8. Rb1 O-O 9. a3 a5 10. Ne1 Be6 11. Nc2 d5 12. cxd5 Nxd5 13. Ne3 Nde7 14. Ne4 b6 15. Ng5 Bd7 16. Nc4 Rb8 17. Bd2 h6 18. Ne4 f5 19. Nc3 Kh7 20. Nd6 Nc8 21. Ndb5 Nd4 22. Nxd4 cxd4 23. Na2 Be6 24. Nc1 Qd7 25. b4 a4 26. b5 Ne7 27. Qxa4 Nd5 28. Qd1 Nc3 29. Bxc3 dxc3 30. Qc2 e4 31. dxe4 f4 32. Nd3 fxg3 33. hxg3 Bh3 34. Nf4 Bxg2 35. Kxg2 Be5 36. Nd5 Qg4 37. f4 Bg7 38. e5 h5 39. Rh1 Rbd8 40. Rh4 Qe6 41. Rxh5+ Kg8 42. Nf6+ Rxf6 43. exf6 gxh5 44. fxg7 Rd2 45. Qb3 Rxe2+ 46. Kf3 Re3+ 47. Kf2 Qxb3 48. Rxb3 c2 49. Rxe3 c1=Q 50. Kf3 Qd1+ 51. Ke4 Qa4+ 0-1


[Site "https://www.chess.com"]

[Event "Titled Tuesday Blitz March 07 Early 2023"]
[White "Santos Flores, Alberto"]
[Black "Jovic, Stanoje"]
[WhiteFideId "3601234"]
[BlackFideId "905020"]
[WhiteElo "2235"]
[BlackElo "2236"]
[Result "1-0"]
[Round "06"]
[TimeControl "180+2"]
[Date "2023.03.07"]
[WhiteClock "0:01:47"]
[BlackClock "0:00:47"]

1. e4 c6 2. d4 d5 3. Nc3 dxe4 4. Nxe4 Nf6 5. Nxf6+ exf6 6. c3 Bd6 7. Bd3 O-O 8. Ne2 Qc7 9. Ng3 Re8+ 10. Be3 Bf4 11. Qf3 Bxe3 12. fxe3 c5 13. O-O cxd4 14. exd4 Nc6 15. Nh5 Ne7 16. Nxg7 Rf8 17. Qxf6 Nd5 18. Qh6 f5 19. Nxf5 Rf6 20. Qg5+ Rg6 21. Nh6+ 1-0


[Site "https://www.chess.com"]

[Event "Titled Tuesday Blitz March 07 Early 2023"]
[White "Vlasak, Lukas"]
[Black "Hirneise, Jens"]
[WhiteFideId "324752"]
[BlackFideId "24614734"]
[WhiteElo "2345"]
[BlackElo "2345"]
[Result "1-0"]
[Round "06"]
[TimeControl "180+2"]
[Date "2023.03.07"]
[WhiteClock "0:00:57"]
[BlackClock "0:00:51"]

1. e4 e5 2. Nf3 d6 3. d4 exd4 4. Nxd4 Nf6 5. Nc3 Be7 6. Bf4 O-O 7. Be2 Re8 8. O-O Bf8 9. Bf3 a6 10. Re1 Nbd7 11. Qd2 Ne5 12. Be2 Ng6 13. Bg5 h6 14. Bxf6 Qxf6 15. Nd5 Qd8 16. Bh5 c6 17. Nf4 Qg5 18. Bxg6 fxg6 19. Nf3 Qf6 20. Nd3 Bg4 21. e5 Qd8 22. Qf4 Bxf3 23. Qxf3 d5 24. Rad1 Be7 25. Nf4 g5 26. Ng6 Bc5 27. Qg4 Qc8 28. e6 Be7 29. h4 gxh4 30. Ne5 Bf6 31. Nf7 Kh7 32. Qf5+ Kg8 33. Nxh6+ gxh6 34. Qxf6 Qc7 35. e7 Kh7 36. Qf7+ Kh8 37. Re6 1-0


[Site "https://www.chess.com"]

[Event "Titled Tuesday Blitz March 07 Early 2023"]
[White "Topalov, Aleksandar"]
[Black "Leenhouts, Koen"]
[WhiteFideId "925659"]
[BlackFideId "1008439"]
[WhiteElo "2151"]
[BlackElo "2409"]
[Result "0-1"]
[Round "06"]
[TimeControl "180+2"]
[Date "2023.03.07"]
[WhiteClock "0:00:29"]
[BlackClock "0:00:29"]

1. b3 e5 2. Bb2 Nc6 3. c4 Nf6 4. e3 d5 5. cxd5 Nxd5 6. a3 Bd6 7. Qc2 O-O 8. Nf3 Be6 9. d3 f5 10. Nbd2 Qf6 11. g3 Qh6 12. Nc4 e4 13. Nd4 Nxd4 14. Bxd4 Rae8 15. O-O-O b5 16. Nxd6 cxd6 17. Kb1 Rc8 18. Qb2 b4 19. axb4 Nxb4 20. dxe4 fxe4 21. Rc1 Rxc1+ 22. Kxc1 Rc8+ 23. Kb1 Qh5 24. Bb5 Qxb5 25. Bxg7 Qd3+ 26. Ka1 Rc2 0-1


[Site "https://www.chess.com"]

[Event "Titled Tuesday Blitz March 07 Early 2023"]
[White "Ramirez Allo, Eduardo"]
[Black "Seletsky, Grigory"]
[WhiteFideId "2224178"]
[BlackFideId "14112191"]
[WhiteElo "2505"]
[BlackElo "2490"]
[Result "0-1"]
[Round "06"]
[TimeControl "180+2"]
[Date "2023.03.07"]
[WhiteClock "0:00:01"]
[BlackClock "0:00:49"]

1. d4 c5 2. d5 e5 3. dxe6 fxe6 4. c4 Nc6 5. Nf3 Nf6 6. g3 d5 7. cxd5 exd5 8. Bg2 Be7 9. O-O O-O 10. b3 h6 11. Bb2 Be6 12. Nc3 Qd7 13. Nh4 Rfd8 14. Ng6 d4 15. Nb5 Nd5 16. Nxe7+ Qxe7 17. Rc1 a6 18. Na3 Rac8 19. Qd2 b5 20. Rfd1 b4 21. Nc4 Nc3 22. Re1 Bxc4 23. bxc4 Ne5 24. Ba1 Nxc4 25. Qd3 Qf7 26. a3 a5 27. axb4 axb4 28. Bf1 Ne5 29. Qa6 Rc6 30. Qa5 Rf8 31. f4 Nc4 32. Qa7 Qxa7 0-1


[Site "https://www.chess.com"]

[Event "Titled Tuesday Blitz March 07 Early 2023"]
[White "Hebden, Mark L"]
[Black "Bogaudinov, Rushan"]
[WhiteFideId "400084"]
[BlackFideId "4129288"]
[WhiteElo "2436"]
[BlackElo "1949"]
[Result "0-1"]
[Round "06"]
[TimeControl "180+2"]
[Date "2023.03.07"]
[WhiteClock "0:02:33"]
[BlackClock "0:02:11"]

1. d4 d5 2. Nf3 Nf6 3. Ng1 e6 4. Nf3 c5 5. c4 Nc6 6. Nc3 cxd4 7. e3 dxc3 8. cxd5 Qxd5 9. bxc3 Qxd1+ 10. Kxd1 Ne4 11. Ke1 Nxc3 12. Bc4 Ne4 13. Nd2 Nxd2 14. Bxd2 Bb4 15. Bxb4 Nxb4 16. Rb1 Nc6 17. Ke2 O-O 0-1


[Site "https://www.chess.com"]

[Event "Titled Tuesday Blitz March 07 Early 2023"]
[White "Buksa, Nataliya"]
[Black "Jiganchine, Roman"]
[WhiteFideId "14123622"]
[BlackFideId "2603667"]
[WhiteElo "2316"]
[BlackElo "2325"]
[Result "1-0"]
[Round "06"]
[TimeControl "180+2"]
[Date "2023.03.07"]
[WhiteClock "0:02:11"]
[BlackClock "0:01:08"]

1. d4 d5 2. Nc3 Bf5 3. Bf4 c6 4. e3 Nd7 5. Nf3 e6 6. Ne5 Nxe5 7. Bxe5 Nf6 8. Be2 Be7 9. g4 Bg6 10. h4 h6 11. Qd2 b5 12. O-O-O a5 13. g5 hxg5 14. hxg5 Rg8 15. gxf6 gxf6 16. Bg3 a4 17. Bd3 b4 18. Ne2 b3 19. Kb1 Qb6 20. Bxg6 fxg6 21. Rh7 a3 22. cxb3 Bb4 23. Qc2 axb2 24. Qxb2 Ba3 25. Qc2 Qb5 26. Nf4 1-0


[Site "https://www.chess.com"]

[Event "Titled Tuesday Blitz March 07 Early 2023"]
[White "Tsotsonava, Elene"]
[Black "Manukian, Artak"]
[WhiteFideId "13615939"]
[BlackFideId "13301373"]
[WhiteElo "1829"]
[BlackElo "2130"]
[Result "1/2-1/2"]
[Round "06"]
[TimeControl "180+2"]
[Date "2023.03.07"]
[WhiteClock "0:01:18"]
[BlackClock "0:01:09"]

1. b3 Nf6 2. Bb2 g6 3. e3 Bg7 4. f4 O-O 5. Nf3 d5 6. d3 c5 7. Ne5 Nc6 8. Nxc6 bxc6 9. Be5 a5 10. a4 Ba6 11. Nd2 Nd7 12. Bxg7 Kxg7 13. Be2 e5 14. O-O exf4 15. exf4 Qe7 16. Bf3 Rae8 17. Re1 Qf6 18. Rxe8 Rxe8 19. g3 h5 20. Nf1 h4 21. Rc1 hxg3 22. hxg3 Qd4+ 23. Kg2 Nf6 24. Qd2 Qb4 25. Kf2 Qb6 26. Kg2 c4 27. dxc4 dxc4 28. bxc4 Bxc4 29. Re1 Rxe1 30. Qxe1 Bxf1+ 31. Kxf1 c5 32. Qc3 Qb4 33. Qxb4 cxb4 34. Ke2 Nd7 35. Bc6 Nc5 36. Ke3 Kf6 37. Kd4 Ne6+ 38. Kc4 g5 39. fxg5+ Kxg5 40. Bf3 f5 41. Bd1 f4 42. gxf4+ Kxf4 43. Kb5 Ke3 44. Kxa5 Kd2 45. Kxb4 Kxd1 46. c4 Kd2 47. a5 Kd3 48. a6 Kd4 49. a7 Nc7 50. Ka5 Kc5 51. Ka4 Kb6 52. c5+ Kxa7 53. Ka5 Kb7 54. c6+ Kxc6 1/2-1/2


[Site "https://www.chess.com"]

[Event "Titled Tuesday Blitz March 07 Early 2023"]
[White "Rodriguez Fontecha, Marcos"]
[Black "Torres Dominguez, David"]
[WhiteFideId "2256576"]
[BlackFideId "2220857"]
[WhiteElo "2263"]
[BlackElo "1999"]
[Result "1-0"]
[Round "06"]
[TimeControl "180+2"]
[Date "2023.03.07"]
[WhiteClock "0:01:50"]
[BlackClock "0:00:21"]

1. e4 e5 2. Nf3 Nc6 3. d4 exd4 4. Bc4 Bc5 5. Ng5 Nh6 6. Nxf7 Nxf7 7. Bxf7+ Kxf7 8. Qh5+ g6 9. Qxc5 d5 10. e5 Re8 11. O-O Rxe5 12. Nd2 Qe7 13. Qb5 a6 14. Qd3 Re1 15. Nf3 Rxf1+ 16. Kxf1 Bf5 17. Qb3 d3 18. cxd3 Re8 19. Bg5 Qe2+ 20. Kg1 Qxd3 21. Qxb7 Nd4 22. Qxd5+ Be6 23. Qxd4 Qxd4 24. Nxd4 Bxa2 25. h4 Bc4 26. Rc1 1-0


[Site "https://www.chess.com"]

[Event "Titled Tuesday Blitz March 07 Early 2023"]
[White "babbilator"]
[Black "Bruned, Yvain"]
[BlackFideId "2250292"]
[WhiteElo "2214"]
[BlackElo "2183"]
[Result "0-1"]
[Round "06"]
[TimeControl "180+2"]
[Date "2023.03.07"]
[WhiteClock "0:00:07"]
[BlackClock "0:01:58"]

1. e4 b6 2. Nc3 Bb7 3. d4 e6 4. Nf3 Bb4 5. Bd3 Nf6 6. Qe2 d5 7. Bg5 h6 8. Bxf6 Qxf6 9. e5 Qe7 10. O-O Bxc3 11. bxc3 O-O 12. Qe3 c5 13. a3 Rc8 14. Rfe1 Ba6 15. h3 Bxd3 16. cxd3 Nc6 17. dxc5 bxc5 18. Rab1 Rab8 19. Qd2 Qc7 20. Qc2 Qa5 21. Rxb8 Rxb8 0-1


[Site "https://www.chess.com"]

[Event "Titled Tuesday Blitz March 07 Early 2023"]
[White "Galchenko, Matvey"]
[Black "Avazkhonov, Alikhon"]
[WhiteFideId "24175480"]
[BlackFideId "14208504"]
[WhiteElo "2404"]
[BlackElo "1739"]
[Result "1-0"]
[Round "06"]
[TimeControl "180+2"]
[Date "2023.03.07"]
[WhiteClock "0:02:09"]
[BlackClock "0:00:01"]

1. f4 d5 2. Nf3 Nf6 3. g3 g6 4. Bg2 Bg7 5. O-O O-O 6. d3 c5 7. Nc3 d4 8. Na4 Qc7 9. c4 Nbd7 10. a3 Rb8 11. b4 b6 12. Rb1 Bb7 13. e4 dxe3 14. Bxe3 Ng4 15. Bd2 e5 16. Nc3 Rfe8 17. h3 Nh6 18. Nb5 Qc6 19. Ne1 Qf6 20. fxe5 Qxe5 21. Bf4 Qe7 22. Bxb8 Rxb8 23. Bxb7 Rxb7 24. Qf3 Ne5 25. Qe4 Nf5 26. Rxf5 gxf5 27. Qxf5 a6 28. Nc3 Rd7 29. Nd5 Qd6 30. Ng2 Nc6 31. Re1 Nd4 32. Re8+ Bf8 33. Qxd7 Nf3+ 34. Kf2 1-0


[Site "https://www.chess.com"]

[Event "Titled Tuesday Blitz March 07 Early 2023"]
[White "Rakhmatullaev, Almas"]
[Black "Hoffmann, Asa"]
[WhiteFideId "14205793"]
[BlackFideId "2001470"]
[WhiteElo "2221"]
[BlackElo "2117"]
[Result "0-1"]
[Round "06"]
[TimeControl "180+2"]
[Date "2023.03.07"]
[WhiteClock "0:00:01"]
[BlackClock "0:00:14"]

1. e4 d6 2. d4 Nf6 3. Nc3 c6 4. Be3 Ng4 5. Qd2 Nxe3 6. Qxe3 g6 7. f4 Bg7 8. Nf3 Nd7 9. e5 Nb6 10. O-O-O d5 11. Bd3 Bg4 12. h3 Bxf3 13. Qxf3 e6 14. g4 Qc7 15. f5 O-O-O 16. Rdf1 Bh6+ 17. Kb1 Bd2 18. Ne2 Ba5 19. c3 Na4 20. Bc2 b5 21. Bxa4 bxa4 22. fxe6 fxe6 23. Nf4 Rhe8 24. Qd3 Qb6 25. Ka1 Kb8 26. Qc2 a3 27. b4 Bxb4 28. Rb1 a5 29. Ne2 c5 30. cxb4 cxb4 31. Qc5 Qxc5 32. dxc5 d4 33. Rbd1 Rd5 34. Nxd4 Rxc5 35. Kb1 Kb7 36. Rhf1 Rxe5 37. Rf7+ Kb6 38. Rc1 Rc5 39. Re1 e5 40. Rf6+ Kb7 41. Nb3 Rd5 42. Rc1 Re7 43. Nc5+ Kb8 44. Rb6+ Ka7 45. Rb5 e4 46. Rxa5+ Kb6 47. Ra6+ Kb5 48. Ra8 e3 49. Rb8+ Ka5 50. Nb3+ Ka6 51. Rxb4 e2 52. Ra4+ Kb5 53. Ra5+ Kb4 54. Rxd5 e1=Q 55. Rxe1 Rxe1+ 56. Nc1 Rh1 57. Rd3 h5 58. Rb3+ Ka4 59. gxh5 gxh5 60. Kc2 h4 61. Nd3 Rh2+ 62. Kc3 Rxa2 63. Nc5+ Ka5 64. Kc4 Rc2+ 65. Kd4 a2 66. Ra3+ Kb5 67. Nd3 Rh2 68. Ke4 Rxh3 69. Rxa2 Rh1 0-1


[Site "https://www.chess.com"]

[Event "Titled Tuesday Blitz March 07 Early 2023"]
[White "Pino Perez, Lazaro"]
[Black "Orozbaev, Eldiar"]
[WhiteFideId "3517055"]
[BlackFideId "13802240"]
[WhiteElo "2170"]
[BlackElo "2201"]
[Result "0-1"]
[Round "06"]
[TimeControl "180+2"]
[Date "2023.03.07"]
[WhiteClock "0:00:01"]
[BlackClock "0:00:04"]

1. d4 d5 2. Bf4 c6 3. e3 Bf5 4. c4 e6 5. Qb3 Qb6 6. c5 Qxb3 7. axb3 Nd7 8. b4 f6 9. Nf3 h5 10. h3 g5 11. Bg3 Kf7 12. Nc3 Ne7 13. b5 e5 14. b4 e4 15. Nd2 Bg7 16. Nb3 Be6 17. Na5 f5 18. bxc6 bxc6 19. Ba6 f4 20. Bh2 Rab8 21. Rb1 Kg6 22. O-O fxe3 23. fxe3 Rbf8 24. Rxf8 Rxf8 25. Bd6 Nf5 26. Bxf8 Nxf8 27. Nd1 Bd7 28. Bb7 Ne7 29. b5 cxb5 30. c6 Bf5 31. Rxb5 Ne6 32. Kf1 Nc7 33. Rb1 g4 34. hxg4 hxg4 35. Nc3 g3 36. Nb5 Nxb5 37. Rxb5 Bh6 38. Ke2 Bg4+ 39. Kd2 Nf5 40. Rxd5 Nxe3 41. Rd6+ Kg7 42. Rxh6 Nf1+ 43. Ke1 Ne3 44. Rd6 Nxg2+ 45. Kf1 Nf4 46. c7 Bh3+ 0-1


[Site "https://www.chess.com"]

[Event "Titled Tuesday Blitz March 07 Early 2023"]
[White "Petre, Nad-Titus"]
[Black "Koridze, Lile"]
[WhiteFideId "1204165"]
[BlackFideId "13612514"]
[WhiteElo "2354"]
[BlackElo "2047"]
[Result "0-1"]
[Round "06"]
[TimeControl "180+2"]
[Date "2023.03.07"]
[WhiteClock "0:00:05"]
[BlackClock "0:00:30"]

1. Nf3 d5 2. g3 Nf6 3. Bg2 g6 4. b3 Bg7 5. Bb2 O-O 6. c4 c6 7. d3 Nbd7 8. O-O b6 9. Nbd2 Bb7 10. e4 Nc5 11. Qb1 Nxd3 12. Bxf6 dxe4 13. Nxe4 exf6 14. Rd1 f5 15. Rxd3 Qc7 16. Nc3 Rad8 17. Qc2 c5 18. Rad1 h6 19. Nd5 Bxd5 20. Rxd5 Rde8 21. h4 Re7 22. h5 Rfe8 23. hxg6 fxg6 24. R5d2 Re4 25. Qd3 Bf6 26. Nh4 Rd4 27. Qf3 Rxd2 28. Rxd2 Re1+ 29. Bf1 Bxh4 30. gxh4 Re4 31. Qg3 Rg4 32. Kh2 Rxg3 33. fxg3 Qe5 34. Bg2 f4 35. Rd3 fxg3+ 36. Rxg3 Qf4 37. Kh3 Kh7 38. a4 g5 39. hxg5 hxg5 40. Bd5 Kh6 41. Kg2 Qd2+ 42. Kh3 Qe1 43. Kg4 Qe2+ 44. Kh3 Qf2 45. Rg2 Qh4# 0-1


[Site "https://www.chess.com"]

[Event "Titled Tuesday Blitz March 07 Early 2023"]
[White "Bews, Steven"]
[Black "Bochnicka, Vladimir"]
[WhiteFideId "2400529"]
[BlackFideId "14943450"]
[WhiteElo "2586"]
[BlackElo "2094"]
[Result "1-0"]
[Round "06"]
[TimeControl "180+2"]
[Date "2023.03.07"]
[WhiteClock "0:00:23"]
[BlackClock "0:00:02"]

1. e4 c5 2. Nf3 Nc6 3. d4 cxd4 4. Nxd4 e5 5. Nb5 d6 6. c4 Be7 7. N1c3 a6 8. Na3 f5 9. exf5 Bxf5 10. Bd3 Be6 11. O-O Nf6 12. Bg5 O-O 13. Bxf6 gxf6 14. Be4 f5 15. Bd5 Qd7 16. Bxe6+ Qxe6 17. Qd5 Qxd5 18. Nxd5 Bd8 19. Nc2 Rc8 20. b3 Kh8 21. Rac1 e4 22. Rfd1 Bg5 23. Rb1 f4 24. Nd4 Nxd4 25. Rxd4 e3 26. fxe3 fxe3 27. h4 Bh6 28. Re1 Rce8 29. g4 Bg7 30. Rd3 Re4 31. Nxe3 Bd4 32. Kg2 Bxe3 33. Rexe3 Rxg4+ 34. Rg3 Rxh4 35. Rxd6 Rhf4 36. Rd7 Rf2+ 37. Kh3 R2f7 38. Rgd3 Kg7 39. c5 Rxd7 40. Rxd7+ Rf7 41. Rd6 Rc7 42. b4 Re7 43. a4 Rc7 44. Kg4 a5 45. c6 bxc6 46. b5 cxb5 47. axb5 Rb7 48. b6 a4 49. Rc6 a3 50. Rc7+ Rxc7 51. bxc7 a2 52. c8=Q a1=Q 53. Qc7+ Kg8 54. Qc4+ Kg7 55. Qc7+ 1-0


[Site "https://www.chess.com"]

[Event "Titled Tuesday Blitz March 07 Early 2023"]
[White "Chylewski, Patryk"]
[Black "Zhukova, Natalia"]
[WhiteFideId "1186191"]
[BlackFideId "14101513"]
[WhiteElo "2163"]
[BlackElo "2297"]
[Result "1-0"]
[Round "06"]
[TimeControl "180+2"]
[Date "2023.03.07"]
[WhiteClock "0:01:43"]
[BlackClock "0:00:09"]

1. e4 e5 2. Nf3 Nc6 3. d4 exd4 4. Bc4 Bc5 5. c3 Nf6 6. e5 d5 7. Bb5 Nd7 8. cxd4 Bb6 9. O-O O-O 10. Bg5 f6 11. exf6 Nxf6 12. Bxc6 bxc6 13. Ne5 Qd6 14. Nc3 Ne4 15. Nxe4 dxe4 16. Be3 Be6 17. Qa4 Bd5 18. Rac1 Rf6 19. Rc2 Re8 20. Rfc1 Ree6 21. Qa6 h6 22. Qc8+ Kh7 23. Qd7 Qxd7 24. Nxd7 Rf7 25. Ne5 Rff6 26. b3 g5 27. Ng4 Rg6 28. h3 Rd6 29. Ne5 Rde6 30. Nxg6 1-0


[Site "https://www.chess.com"]

[Event "Titled Tuesday Blitz March 07 Early 2023"]
[White "Gabdrakhmanov, Azat"]
[Black "sissahungrychess"]
[WhiteFideId "34189197"]
[WhiteElo "2266"]
[BlackElo "2402"]
[Result "1-0"]
[Round "06"]
[TimeControl "180+2"]
[Date "2023.03.07"]
[WhiteClock "0:00:12"]
[BlackClock "0:00:07"]

1. e4 c5 2. Nf3 d6 3. d4 cxd4 4. Nxd4 Nf6 5. Nc3 a6 6. Be3 e5 7. Nb3 Be6 8. Qd2 b5 9. O-O-O Nbd7 10. f4 b4 11. Nd5 Nxe4 12. Qxb4 exf4 13. Bb6 Nxb6 14. Nxb6 Nf2 15. Nxa8 Nxh1 16. Bxa6 Qxa8 17. Bb5+ Ke7 18. Rxh1 g6 19. Rd1 Bh6 20. Qxd6+ Kf6 21. Qd4+ Ke7 22. Qc5+ Kf6 23. Bc6 Qxa2 24. Qd4+ Ke7 25. Qd6+ Kf6 26. Qd4+ Ke7 27. Qc5+ Kf6 28. Qc3+ Ke7 29. Bf3 Rc8 30. Qb4+ Kf6 31. Qd4+ Ke7 32. Qd6+ Kf6 33. Qd4+ Ke7 34. Qb4+ Ke8 35. Rd3 Bxb3 36. Rxb3 Qa1+ 37. Kd2 Rd8+ 38. Rd3 Qg1 39. Bc6+ 1-0


[Site "https://www.chess.com"]

[Event "Titled Tuesday Blitz March 07 Early 2023"]
[White "Markus, Robert"]
[Black "Janaszak, Dawid"]
[WhiteFideId "921637"]
[BlackFideId "1119206"]
[WhiteElo "2623"]
[BlackElo "2220"]
[Result "1-0"]
[Round "06"]
[TimeControl "180+2"]
[Date "2023.03.07"]
[WhiteClock "0:00:12"]
[BlackClock "0:00:09"]

1. e4 c5 2. Nf3 Nc6 3. d4 cxd4 4. Nxd4 g6 5. Nc3 Bg7 6. Be3 Nf6 7. f3 O-O 8. Bc4 e6 9. Nxc6 bxc6 10. Bc5 d5 11. Bxf8 Bxf8 12. Qd2 Qb6 13. Bb3 Ba6 14. O-O-O Nd7 15. exd5 cxd5 16. Nxd5 exd5 17. Qxd5 Bh6+ 18. Kb1 Rf8 19. Qxd7 Bg7 20. Qd6 Qa5 21. Rd5 Bb5 22. a4 a6 23. axb5 axb5 24. Qa3 Qc7 25. Qc5 Qa5 26. Qxb5 Qa7 27. Qa5 Qe7 28. Re1 Qf6 29. Qc3 Qh4 30. Qd2 Qf6 31. c3 h5 32. Bc2 Rb8 33. Rde5 Kh7 34. Re8 Rb7 35. Rc8 Qb6 36. b3 Qa5 37. Rc4 Qa3 38. Qd1 Ra7 39. Ra4 Rxa4 40. bxa4 Bxc3 41. Bxg6+ Kg7 42. Kc2 Qb2+ 43. Kd3 Bxe1 44. Qxe1 fxg6 45. Qc3+ 1-0


[Site "https://www.chess.com"]

[Event "Titled Tuesday Blitz March 07 Early 2023"]
[White "Pinheiro, Iung Alicio de O."]
[Black "Bas Mas, Jose Joaquin"]
[WhiteFideId "2104350"]
[BlackFideId "22219064"]
[WhiteElo "2283"]
[BlackElo "2233"]
[Result "1-0"]
[Round "06"]
[TimeControl "180+2"]
[Date "2023.03.07"]
[WhiteClock "0:00:46"]
[BlackClock "0:00:40"]

1. e4 e6 2. d4 d5 3. e5 c5 4. c3 Nc6 5. Nf3 Qb6 6. Bd3 Bd7 7. O-O cxd4 8. Re1 Nge7 9. h4 h6 10. h5 Rc8 11. a3 a6 12. b4 dxc3 13. Nxc3 Nxb4 14. Na4 Bxa4 15. Qxa4+ Nbc6 16. Rb1 Qc7 17. Bd2 Nf5 18. Bxf5 exf5 19. Qf4 Be7 20. Qxf5 O-O 21. Rb3 Rcd8 22. Reb1 Na5 23. Bxa5 Qxa5 24. Rxb7 Qxa3 25. e6 Qd6 26. R1b6 fxe6 27. Qg4 Rf4 28. Rxd6 Rxg4 29. Rxd8+ Bxd8 30. Rb8 Kf7 31. Ne5+ 1-0


[Site "https://www.chess.com"]

[Event "Titled Tuesday Blitz March 07 Early 2023"]
[White "Malyi, Viacheslav"]
[Black "Ansh M Shah"]
[WhiteFideId "14123983"]
[BlackFideId "25033379"]
[WhiteElo "2291"]
[BlackElo "2084"]
[Result "0-1"]
[Round "06"]
[TimeControl "180+2"]
[Date "2023.03.07"]
[WhiteClock "0:00:05"]
[BlackClock "0:00:01"]

1. e4 c6 2. d4 d5 3. Nc3 dxe4 4. Nxe4 Bf5 5. Ng3 Bg6 6. Nf3 Nd7 7. h4 h6 8. h5 Bh7 9. Bd3 Bxd3 10. Qxd3 e6 11. Bf4 Qa5+ 12. Bd2 Bb4 13. Ne4 Ngf6 14. Nd6+ Ke7 15. Nc4 Bxd2+ 16. Nfxd2 Qd5 17. Qa3+ c5 18. O-O-O b5 19. Ne3 Qxd4 20. Ndc4 Qf4 21. Nd6 b4 22. Qa6 Rhd8 23. Nb7 Rdc8 24. g3 Qc7 25. Nd6 Rd8 26. Rhe1 Kf8 27. Nb7 Rdb8 28. Nd6 Nb6 29. Qe2 Rd8 30. Nec4 Nxc4 31. Nxc4 Nd5 32. Qe4 Kg8 33. f4 a5 34. Ne5 Nf6 35. Qe2 a4 36. g4 a3 37. b3 Nd5 38. Qg2 Nc3 39. Rxd8+ Rxd8 40. g5 hxg5 41. Qxg5 f6 42. Qg6 fxe5 43. h6 Qe7 44. Rg1 Rd7 45. Re1 Qf7 0-1


[Site "https://www.chess.com"]

[Event "Titled Tuesday Blitz March 07 Early 2023"]
[White "Risteski, Emil"]
[Black "Andrews, Todd"]
[WhiteFideId "15005267"]
[BlackFideId "2012456"]
[WhiteElo "2251"]
[BlackElo "2395"]
[Result "1-0"]
[Round "06"]
[TimeControl "180+2"]
[Date "2023.03.07"]
[WhiteClock "0:00:24"]
[BlackClock "0:00:17"]

1. c4 Nf6 2. Nc3 g6 3. e4 Bg7 4. d4 d6 5. Be2 O-O 6. Be3 e5 7. d5 a5 8. h4 Na6 9. h5 Nc5 10. h6 Bh8 11. f3 c6 12. Nh3 cxd5 13. cxd5 Nfd7 14. Qd2 a4 15. g4 Qa5 16. Nb5 Qb6 17. Nf2 Bf6 18. Nd3 Qxb5 19. Nxc5 Qa5 20. Qxa5 Rxa5 21. Nxd7 Bxd7 22. Bb6 Raa8 23. Kd2 Bg5+ 24. Be3 Bxe3+ 25. Kxe3 Rfc8 26. Rac1 f6 27. Kd2 Kf7 28. Rc3 g5 29. Rhc1 Kg6 30. Rc7 Rxc7 31. Rxc7 Bc8 32. Rg7+ Kxh6 33. Rg8 b6 34. Bb5 Bb7 35. Rxa8 Bxa8 36. Bc6 Kg6 37. Bxa8 h5 38. gxh5+ Kxh5 39. Bc6 a3 40. bxa3 Kh4 41. Bd7 Kg3 42. Bg4 Kf2 43. Kc3 Ke3 44. Kb4 Kd4 45. Kb5 Kc3 46. Kxb6 Kb2 47. a4 Kxa2 48. a5 Kb3 49. a6 1-0


[Site "https://www.chess.com"]

[Event "Titled Tuesday Blitz March 07 Early 2023"]
[White "Osinovsky, Stepan"]
[Black "Kopczynski, Michal"]
[WhiteFideId "4157354"]
[BlackFideId "1124200"]
[WhiteElo "2222"]
[BlackElo "2212"]
[Result "1-0"]
[Round "06"]
[TimeControl "180+2"]
[Date "2023.03.07"]
[WhiteClock "0:00:13"]
[BlackClock "0:01:58"]

1. Nf3 d6 2. g3 e5 3. Bg2 f5 4. O-O g6 5. d4 e4 6. Ng5 Bg7 7. f3 h6 8. Nh3 d5 9. c4 c6 10. cxd5 cxd5 11. Nc3 Ne7 12. Qb3 Nbc6 13. Be3 Bxd4 14. Bxd4 Nxd4 15. Qa4+ Nec6 16. fxe4 dxe4 17. Rad1 Qb6 18. e3 Ne6 19. Nd5 Qb4 20. Nxb4 Bd7 21. Nd5 O-O 22. Nhf4 Ne5 23. Ne7+ Kf7 24. Rxd7 Nxd7 25. Qxd7 Nc5 26. Qd6 1-0


[Site "https://www.chess.com"]